 Dungeon Sprint DCSS version 0.27-a0-633-gc6addc0a40 (webtiles) character file.

Game seed: 6066509056695502085

32 mhtbhm the Cudgeller (level 3, 0/31 HPs)
             Began as a Human Berserker on Mar 13, 2021.
             Was a Priest of Trog.
             Shot with an arrow by a centaur (10 damage)
             ... in the Dungeon (Sprint IX: "|||||||||||||||||||||||||||||").
             The game lasted 00:00:16 (150 turns).

mhtbhm the Cudgeller (Human Berserker)               Turns: 150, Time: 00:00:16

Health: 0/31       AC:  2    Str: 18    XL:     3   Next: 42%
Magic:  3/3        EV: 12    Int:  7    God:    Trog [***...]
Gold:   0          SH:  0    Dex: 12    Spells: 2/2 levels left

rFire    . . .     SeeInvis .   a - +0 mace
rCold    . . .     Faith    .   (no shield)
rNeg     . . .     Spirit   .   b - +0 animal skin
rPois    .         Reflect  .   (no helmet)
rElec    .         Harm     .   (no cloak)
rCorr    .         Rampage  .   (no gloves)
Will     .....     NoTele   +   (no boots)
Stlth    +.........             (no amulet)
HPRegen  0.10/turn              (no ring)
MPRegen  0.08/turn              (no ring)

@: berserk cooldown, slowed, very slow
A: no striking features
a: Renounce Religion, Berserk, Trog's Hand


You were in the Dungeon.
You worshipped Trog.
Trog was most pleased with you.
You visited 1 branch

Inventory:

Hand Weapons
 a - a +0 mace (weapon)
Armour
 b - a +0 animal skin (worn)
Scrolls
 h - a scroll of blinking
Potions
 d - a potion of heal wounds
 e - a potion of haste
 f - 2 potions of magic
 g - a potion of berserk rage


   Skills:
 + Level 4.5 Fighting
 + Level 5.0 Maces & Flails
 + Level 3.0 Armour
 + Level 2.8 Dodging


You had 2 spell levels left.
You didn't know any spells.
Your spell library was empty.

Dungeon Overview and Level Annotations

Branches:
Dungeon (1/1)

Altars:


Message History

You destroy the adder zombie!
Trog accepts your kill. The white imp gestures at you.
The puff of frost hits you.
Your Maces & Flails skill increases to level 5!
Your Armour skill increases to level 3!
Unknown command.
You see here a worker ant corpse.
You thump the white imp!
The white imp is severely wounded.
The white imp gestures at you. The puff of frost hits you!
You barely miss the white imp.
The white imp is severely wounded.
You are no longer berserk.
You are exhausted.
You feel yourself slow down.
You feel sick. The white imp gestures at you. The puff of frost misses you.
You completely miss the white imp.
The white imp is severely wounded.
The white imp hits you but does no damage.
The white imp gestures at you. The puff of frost hits you!
You closely miss the white imp.
The white imp is severely wounded.
The white imp hits you.
* * * LOW HITPOINT WARNING * * *
The white imp freezes you.
* * * LOW HITPOINT WARNING * * *
Unknown command.
You feel better.
The white imp hits you but does no damage.
The white imp closely misses you.
You sock the white imp!
You kill the white imp!
Trog accepts your kill.
The centaur wields a +0 shortbow.
The centaur shoots an arrow.
The arrow hits you!
You die... ▓▓▓▓▓▓▓▓▓▓▓▓▓▓▓▓▓▓ +..c.@'.....'†..<▓ ▓▓▓▓▓▓▓▓▓▓▓▓▓▓▓▓▓▓

You could see a centaur.

Vanquished Creatures
  A worker ant (D)
  A white imp (D)
  An adder zombie (D)
  A jackal (D)
  A quokka (D)
  A bat (D)
  3 rats (D)
9 creatures vanquished.

Notes
Turn   | Place    | Note
-------+----------+-------------------------------------------
     0 | D        | mhtbhm the Human Berserker began the quest for the Orb.
     0 | D        | Reached XP level 1. HP: 18/18 MP: 1/1
    10 | D        | Reached ** piety under Trog
   133 | D        | Noticed a centaur
   133 | D        | Noticed a worker ant
   141 | D        | Killed a worker ant
   141 | D        | Reached *** piety under Trog
   142 | D        | Reached skill level 4 in Maces & Flails
   142 | D        | Reached XP level 2. HP: 26/26 MP: 2/2
   142 | D        | Reached XP level 3. HP: 31/31 MP: 3/3
   144 | D        | Reached skill level 5 in Maces & Flails
   150 | D        | Shot with an arrow by a centaur

Illustrated notes

Levels and vault maps discovered:
D:        linesprint [early_d, line_temple, items_1, d_10, items_2, lair_1,
          lair_end, items_3, orc_1, orc_end, items_4, d_15, swamp_1, shoals_1,
          snake_1, spider_1, d_20, vaults_1, items_5, swamp_end, shoals_end,
          snake_end, spider_end, vaults_end, d_27, items_6, zot_1, zot_end,
          crypt_end, forest_end, elf_end, slime_end, tomb_end, abyss_end,
          pan_hell_end]

Skill      XL: |  1  2  3 |
---------------+----------+-----
Fighting       | 4 |  4.5
Maces & Flails | 4 5 |  5.0
Armour         | 3 |  3.0
Dodging        | |  2.8

Action                   || total
-------------------------++-------
Melee: Mace              ||    26
Invok: Berserk           ||     1
  Use: Potion            ||     1
Armor: Animal skin       ||     3
Dodge: Dodged            ||    21

Table legend: (Time is in decaauts)
 A = Elapsed time spent in this place.
 B = Non-inter-level travel time spent in this place.
 C = Inter-level travel time spent in this place.
 D = Time resting spent in this place.
 E = Time spent auto-exploring this place.
 F = Levels seen in this place.
 G = Mean time per level.
                   A        B        C        D        E       F      G
               +--------+--------+--------+--------+--------+-----+--------+
         Total |    152 |    152 |      0 |    108 |      3 |   1 |  152.0 |
       Dungeon |    152 |    152 |      0 |    108 |      3 |   1 |  152.0 |
               +--------+--------+--------+--------+--------+-----+--------+

Top non-repeatable levels by time:
       D: 152 daAuts
